 Dungeon Crawl Stone Soup version 0.32-a0-163-g159c032296 (webtiles) character file.

Game seed: 6216346902160720990

19191 greenreed the Blocker (level 12, -5/97 HPs)
             Began as a Gnoll Fighter on Feb 11, 2024.
             Was an Elder of Wu Jian.
             Shot with an arrow by Nessos (9 damage)
             ... on level 12 of the Dungeon.
             The game lasted 00:27:29 (10409 turns).

greenreed the Blocker (Gnoll Fighter)              Turns: 10409, Time: 00:27:41

Health: -5/97      AC: 20    Str: 19    XL:     12   Next: 66%
Magic:  23/23      EV: 10    Int: 15    God:    Wu Jian [****..]
Gold:   585        SH:  6    Dex: 12    Spells: 26/26 levels left

rFire   + + .        t - +11 Screaming Sword {sonic wave}
rCold   + + +        c - +0 buckler
rNeg    . . .        j - +4 chain mail of the Rotten God {rElec rPois rF++ Stlth-}
rPois   +            N - +0 helmet
rElec   +            Q - +0 cloak
rCorr   +            e - +0 pair of gloves
SInv    .            (no boots)
Will    .....        b - amulet of regeneration Stlth
                     g - ring of resist corrosion
HPRegen 1.16/turn    d - ring "Aluurph Ytworph" {^Drain Fly rC+++ Int+6}
MPRegen 0.18/turn

%: no passive effects
@: lethally poisoned (-5 -> -37), flying, slowed, very slow
A: fangs 1, strong nose, distributed training
a: Renounce Religion, Wall Jump, Serpent's Lash


You were on level 12 of the Dungeon.
You worshipped Wu Jian.
Wu Jian was greatly pleased with you.
You visited 2 branches of the dungeon, and saw 13 of its levels.

You collected 988 gold pieces.
You spent 403 gold pieces at shops.

Inventory:

Hand Weapons
 r - a +3 mace
 t - the +11 Screaming Sword (weapon) {sonic wave}
   (You found it on level 4 of the Dungeon)
 u - a -2 vampiric long sword
Missiles
 z - 3 darts of dispersal (quivered)
 O - 5 curare-tipped darts
Armour
 c - a +0 buckler (worn)
 e - a +0 pair of gloves (worn)
 j - the +4 chain mail of the Rotten God (worn) {rElec rPois rF++ Stlth-}
   (You acquired it on level 6 of the Dungeon)

   rF++:      It greatly protects you from fire.
   rElec:     It insulates you from electricity.
   rPois:     It protects you from poison Stlth-: It makes you less stealthy.
 I - the +0 robe of Generosity {rF- Regen+ Int+8 Archmagi}
   (You found it on level 7 of the Dungeon)

   Int+8:     It affects your intelligence (+8).
   rF-:       It makes you vulnerable to fire.
   Regen+:    It increases your rate of health regeneration.
   Archmagi:  It increases the power of your magical spells.
 N - a +0 helmet (worn)
 Q - a +0 cloak (worn)
Jewellery
 b - an amulet of regeneration (around neck)
 d - the ring "Aluurph Ytworph" (right hand) {^Drain Fly rC+++ Int+6}
   (You acquired it on level 6 of the Dungeon)

   [ring of intelligence]

   Int+6:     It affects your intelligence (+6).
   rC+++:     It renders you almost immune to cold.
   Fly:       It grants you flight.
   ^Drain:    It drains your maximum health when unequipped.
 g - a ring of resist corrosion (left hand)
 k - a ring of wizardry
 w - a ring of ice
 y - a +6 ring of strength
 B - an amulet of reflection
Talismans
 q - a serpent talisman
Wands
 x - a wand of charming (10)
 E - a wand of digging (3)
 K - a wand of roots (9)
 L - a wand of mindburst (5)
Scrolls
 a - 4 scrolls of fog
 h - 2 scrolls of vulnerability
 i - 2 scrolls of torment
 l - 4 scrolls of poison
 n - 9 scrolls of teleportation
 o - 3 scrolls of noise
 v - 2 scrolls of immolation
 A - 2 scrolls of enchant armour
 C - a scroll of blinking
 J - a scroll of fear
 M - a scroll of brand weapon
 P - a scroll of butterflies {unknown}
Potions
 f - 10 potions of curing
 m - 3 potions of brilliance
 p - 2 potions of mutation
 s - a potion of resistance
 D - 2 potions of heal wounds
 F - 2 potions of degeneration
 G - 3 potions of attraction
 H - a potion of magic
 R - a potion of enlightenment {unknown}


   Skills:
 + Level 10.2 Fighting
 + Level 7.8 Short Blades
 + Level 7.8 Long Blades
 + Level 7.8 Axes
 + Level 9.1 Maces & Flails
 + Level 7.8 Polearms
 + Level 7.8 Staves
 + Level 7.8 Ranged Weapons
 + Level 7.8 Throwing
 + Level 10.2 Armour
 + Level 7.8 Dodging
 + Level 7.8 Stealth
 + Level 10.2 Shields
 + Level 7.8 Unarmed Combat
 + Level 7.8 Spellcasting
 + Level 6.4 Conjurations
 + Level 6.4 Hexes
 + Level 6.4 Summonings
 + Level 6.4 Necromancy
 + Level 6.4 Translocations
 + Level 6.4 Fire Magic
 + Level 6.4 Ice Magic
 + Level 6.4 Air Magic
 + Level 6.4 Earth Magic
 + Level 6.4 Alchemy
 + Level 8.5 Invocations
 + Level 7.8 Evocations
 + Level 7.1 Shapeshifting


You had 26 spell levels left.
You didn't know any spells.
Your spell library contained the following spells:

 Spells                   Type           Power      Damage    Failure   Level
 Magic Dart               Conj           100%       1d8       6%          1
 Sandblast                Erth           50%        2d12      6%          1
 Cigotuvi's Dreadful Rot  Necr/Alch/Air  50%        N/A       9%          2
 Searing Ray              Conj           50%        2d6       9%          2
 Gell's Gravitas          Tloc           25%        N/A       19%         3
 Passwall                 Erth           25%        N/A       19%         3
 Stone Arrow              Conj/Erth      50%        3d10      19%         3
 Teleport Other           Tloc           25%        N/A       19%         3
 Brom's Barrelling Bould  Conj/Erth      25%        2d5       52%         4
 Dispel Undead            Necr           25%        3d12      52%         4
 Fulminant Prism          Conj/Alch      12%        3d8       52%         4
 Martyr's Knell           Necr/Summ      25%        N/A       52%         4
 Death Channel            Necr           12%        N/A       100%        6
 Dispersal                Tloc           12%        N/A       100%        6


Dungeon Overview and Level Annotations

Branches:
Dungeon (12/15)            Temple (1/1) D:4            Lair (0/5) D:8
    Orc (0/2) D:11

Altars:
Ashenzari
Cheibriados
Dithmenos
Elyvilon
Fedhas
Gozag
Hepliaklqana
Kikubaaqudgha
Makhleb
Nemelex Xobeh
Okawaru
Qazlal
Ru
Sif Muna
Trog
Uskayaw
Vehumet
Wu Jian
Xom
Yredelemnul
Zin
The Shining One

Shops:
D:5 (   D:6 ?*!(   D:8 (

Portals:
Trove: D:11 (give +5 ice dragon scales)

Annotations:
D:12 Maurice, Nessos


Innate Abilities, Weirdness & Mutations

You have very sharp teeth.
Your uncanny sense of smell can sniff out nearby items.
Your experience applies equally to all skills.


Message History

Nessos seems to speed up.
Maurice gestures wildly while chanting.
Maurice blinks!
Nessos shoots an arrow.
The arrow closely misses you.
Maurice zaps a wand.
You easily resist.
There is a stone staircase leading up, spattered with blood here.
Unknown command.
Aiming: Fastroot
Press: ? - help, Shift-Dir - straight line, f - Maurice
Aim: Maurice, wielding a +0 short sword, wearing a +1 cloak of willpower and carrying a wand of polymorph
Okay, then.
Press: ? - help, v - describe, . - travel
Here: Maurice, wielding a +0 short sword, wearing a +1 cloak of willpower and carrying a wand of polymorph The floor.
Aiming: Mindburst
Press: ? - help, Shift-Dir - straight line, f - Nessos
Aim: Nessos, wielding a +1 longbow of flaming and wearing a +0 barding (fast, chance to affect: 87%)
Okay, then.
Unknown command.
Nessos shoots an arrow.
The arrow hits you! The arrow burns you.
Nessos stands on their hind legs for a moment.
Nessos shoots an arrow.
You block the arrow.
Maurice zaps a wand.
You easily resist.
Nessos shoots an arrow.
The arrow hits you!! The arrow burns you.
You are poisoned.
Nessos shoots an arrow.
The arrow hits you! The arrow burns you.
Nessos shoots an arrow.
The arrow hits you.
You are lethally poisoned!
Nessos intently looks at you, slowly moving their tail.
Nessos shoots an arrow.
The arrow hits you but does no damage.
Maurice mumbles some strange words.
Maurice flickers and vanishes!
Deactivating autopickup; reactivate with Ctrl-A.
Unknown command.
* * * LOW HITPOINT WARNING * * *
You feel extremely sick.
Nessos shoots an arrow.
The arrow hits you!
* * * LOW HITPOINT WARNING * * *
You are more poisoned.
Nessos shoots an arrow.
The arrow hits you!
You die...

.......#... ...
......... .... ##.......
....### ##.......
....... ###....... ....$
#........
#...##........##
#..#........@.# ∆
#.<................
#.).)$.........##..
#...)........c....#
......).)..........{...
.......)).......###.....
.......)......^. .....
..$............## .....
................###...


You could see Nessos (fast).

Vanquished Creatures
  Snorg (D:11)
  Josephine (D:11)
  Erolcha (D:11)
  3 two-headed ogres
  Sonja (D:10)
  Lodul (D:11)
  A deep elf pyromancer (D:12)
  A cyclops (D:11)
  An ugly thing (D:11)
  2 gargoyles
  Maggie (D:6)
  2 unseen horrors (D:11)
  A komodo dragon (D:8)
  5 trolls
  A hornet (D:9)
  Grinder (D:5)
  A vampire (D:10)
  A shadow (D:9)
  18 yaks
  3 wraiths (D:11)
  3 vampire mosquitoes (D:10)
  2 wargs (D:11)
  4 steam dragons
  3 acid dragons
  2 water moccasins
  3 orc warriors (D:8)
  A sky beast (D:7)
  A black bear (D:6)
  9 ogres
  2 ice beasts
  3 centaurs
  4 kobold brigands
  5 phantoms
  3 bullfrogs
  5 scorpions (D:4)
  A necrophage (D:6)
  7 wights
  A wyvern skeleton (D:6)
  12 killer bees
  4 howler monkeys
  3 hounds
  9 orc priests
  A wyvern simulacrum (D:6)
  2 jellies
  A bullfrog skeleton (D:6)
  4 iguanas
  3 sleepcaps
  11 orc wizards
  A centaur simulacrum (D:6)
  4 gnolls (D:2)
  9 adders
  A shadow imp (D:6)
  2 white imps
  2 ufetubi (D:5)
  2 ribbon worms
  3 dart slugs
  56 orcs
  8 bats
  2 endoplasms
  2 giant cockroaches (D:4)
  10 goblins
  8 hobgoblins
  15 jackals
  18 kobolds
  2 quokkas
  15 ball pythons
  A frilled lizard (D:3)
  7 rats
324 creatures vanquished.

Vanquished Creatures (collateral kills)
  A steam dragon (D:5)
1 creature vanquished.

Grand Total: 325 creatures vanquished

Notes
Turn   | Place    | Note
-------+----------+-------------------------------------------
     0 | D:1      | greenreed the Gnoll Fighter began the quest for the Orb.
     0 | D:1      | Reached XP level 1. HP: 23/23 MP: 1/1
   170 | D:1      | Reached XP level 2. HP: 29/29 MP: 2/2
   631 | D:1      | Reached XP level 3. HP: 35/35 MP: 3/3
   933 | D:2      | Reached skill level 1 in Invocations
  1089 | D:2      | Identified the +1 chain mail "Woblawn" {Dex+2}
  1098 | D:2      | Reached skill level 1 in Short Blades
  1098 | D:2      | Reached skill level 1 in Long Blades
  1098 | D:2      | Reached skill level 1 in Axes
  1098 | D:2      | Reached skill level 1 in Polearms
  1098 | D:2      | Reached skill level 1 in Staves
  1098 | D:2      | Reached skill level 1 in Ranged Weapons
  1098 | D:2      | Reached skill level 1 in Throwing
  1098 | D:2      | Reached skill level 1 in Dodging
  1098 | D:2      | Reached skill level 1 in Stealth
  1098 | D:2      | Reached skill level 1 in Unarmed Combat
  1098 | D:2      | Reached skill level 1 in Spellcasting
  1098 | D:2      | Reached skill level 1 in Evocations
  1104 | D:2      | Reached skill level 1 in Shapeshifting
  1104 | D:2      | Reached XP level 4. HP: 22/41 MP: 5/5
  1122 | D:2      | Reached skill level 1 in Conjurations
  1122 | D:2      | Reached skill level 1 in Hexes
  1122 | D:2      | Reached skill level 1 in Summonings
  1122 | D:2      | Reached skill level 1 in Necromancy
  1122 | D:2      | Reached skill level 1 in Translocations
  1122 | D:2      | Reached skill level 1 in Fire Magic
  1122 | D:2      | Reached skill level 1 in Ice Magic
  1122 | D:2      | Reached skill level 1 in Air Magic
  1122 | D:2      | Reached skill level 1 in Earth Magic
  1122 | D:2      | Reached skill level 1 in Alchemy
  1303 | D:2      | Found a white marble altar of Elyvilon.
  1828 | D:3      | Reached XP level 5. HP: 46/47 MP: 5/7
  1936 | D:3      | Found a bloodstained altar of Trog.
  2210 | D:3      | Reached XP level 6. HP: 53/53 MP: 8/8
  2547 | D:4      | Reached skill level 5 in Maces & Flails
  2673 | D:4      | Reached XP level 7. HP: 57/60 MP: 10/10
  2678 | D:4      | Found the +11 Singing Sword {sonic wave}
  2976 | D:4      | Found a staircase to the Ecumenical Temple.
  3023 | Temple   | Entered the Ecumenical Temple
  3040 | Temple   | Became a worshipper of the Wu Jian Council
  3274 | D:5      | Entered Level 5 of the Dungeon
  3287 | D:5      | Noticed Grinder
  3303 | D:5      | Killed Grinder
  3304 | D:5      | Reached XP level 8. HP: 58/67 MP: 12/12
  3490 | D:5      | Found Ifontat's Weapon Shop.
  3568 | D:5      | Found a snail-covered altar of Cheibriados.
  3998 | D:6      | Found Ithy's Antique Weapon Shoppe.
  4072 | D:6      | Reached * piety under Wu Jian
  4073 | D:6      | Reached XP level 9. HP: 71/73 MP: 14/14
  4086 | D:6      | Identified the +0 dagger of Gehenna {pain, Dex+4}
  4327 | D:6      | Found a shadowy altar of Dithmenos.
  4361 | D:6      | Found Nuseryko's Distillery.
  4369 | D:6      | Bought a potion of degeneration for 14 gold pieces
  4369 | D:6      | Bought a potion of curing for 42 gold pieces
  4445 | D:6      | Noticed Maggie
  4459 | D:6      | Killed Maggie
  4460 | D:6      | Reached skill level 5 in Invocations
  4557 | D:6      | Found Jamoicw's General Store.
  4580 | D:6      | Bought a scroll of identify for 22 gold pieces
  4580 | D:6      | Bought a potion of heal wounds for 55 gold pieces
  4580 | D:6      | Bought a ring of flight for 192 gold pieces
  4746 | D:6      | Found a transporter.
  4746 | D:6      | Found Paennet's Magic Scroll Boutique.
  4780 | D:6      | Found a transporter.
  4791 | D:6      | Bought a scroll of teleportation for 39 gold pieces
  4791 | D:6      | Bought a scroll of noise for 13 gold pieces
  4791 | D:6      | Bought a scroll of identify for 26 gold pieces
  4797 | D:6      | Identified 2 scrolls of acquirement
  4802 | D:6      | Acquired the +4 chain mail of the Rotten God {rElec rPois
                  | rF++ Stlth-}
  4815 | D:6      | Acquired the ring "Aluurph Ytworph" {^Drain Fly rC+++
                  | Int+6}
  5268 | D:7      | Noticed a gargoyle
  5283 | D:7      | Killed a gargoyle
  5303 | D:6      | Reached skill level 5 in Short Blades
  5303 | D:6      | Reached skill level 5 in Long Blades
  5303 | D:6      | Reached skill level 5 in Axes
  5303 | D:6      | Reached skill level 5 in Polearms
  5303 | D:6      | Reached skill level 5 in Staves
  5303 | D:6      | Reached skill level 5 in Ranged Weapons
  5303 | D:6      | Reached skill level 5 in Throwing
  5303 | D:6      | Reached skill level 5 in Dodging
  5303 | D:6      | Reached skill level 5 in Stealth
  5303 | D:6      | Reached skill level 5 in Unarmed Combat
  5303 | D:6      | Reached skill level 5 in Spellcasting
  5303 | D:6      | Reached skill level 5 in Evocations
  5303 | D:6      | Reached XP level 10. HP: 49/81 MP: 17/17
  5405 | D:7      | Identified the +0 robe of Generosity {rF- Regen+ Int+8
                  | Archmagi}
  5632 | D:7      | Found a stormy altar of Qazlal.
  5729 | D:7      | Found a glowing silver altar of Zin.
  5729 | D:7      | Found an opulent altar of Gozag.
  6001 | D:8      | Reached ** piety under Wu Jian
  6252 | D:8      | Found Qicwus's Antique Weapon Shoppe.
  6305 | D:8      | Found a staircase to the Lair.
  6319 | D:8      | Reached skill level 5 in Shapeshifting
  6909 | D:9      | Reached *** piety under Wu Jian
  7280 | D:9      | Reached skill level 5 in Conjurations
  7280 | D:9      | Reached skill level 5 in Hexes
  7280 | D:9      | Reached skill level 5 in Summonings
  7280 | D:9      | Reached skill level 5 in Necromancy
  7280 | D:9      | Reached skill level 5 in Translocations
  7280 | D:9      | Reached skill level 5 in Fire Magic
  7280 | D:9      | Reached skill level 5 in Ice Magic
  7280 | D:9      | Reached skill level 5 in Air Magic
  7280 | D:9      | Reached skill level 5 in Earth Magic
  7280 | D:9      | Reached skill level 5 in Alchemy
  7280 | D:9      | Reached XP level 11. HP: 68/89 MP: 20/20
  7835 | D:10     | Entered Level 10 of the Dungeon
  7967 | D:10     | Noticed a two-headed ogre
  7974 | D:10     | Killed a two-headed ogre
  8082 | D:10     | Noticed Sonja
  8084 | D:10     | Killed Sonja
  8709 | D:11     | Found a portal to a secret trove of treasure.
  8717 | D:11     | Reached **** piety under Wu Jian
  8721 | D:11     | Noticed Snorg
  8731 | D:11     | Killed Snorg
  8857 | D:11     | Found a staircase to the Orcish Mines.
  8909 | D:11     | Identified the +3 ring mail of Truth {rF+ Will+}
  9322 | D:11     | Noticed a cyclops
  9327 | D:11     | Killed a cyclops
  9328 | D:11     | Reached XP level 12. HP: 97/97 MP: 22/22
  9510 | D:11     | Noticed Erolcha
  9515 | D:11     | Killed Erolcha
  9812 | D:12     | Noticed Lodul
  9816 | D:12     | Noticed Nessos
  9816 | D:12     | Noticed Maurice
  9818 | D:12     | Noticed a two-headed ogre
  9823 | D:11     | Killed Lodul
  9854 | D:12     | Noticed a two-headed ogre
  9938 | D:12     | Reached skill level 10 in Fighting
  9938 | D:12     | Reached skill level 10 in Armour
  9938 | D:12     | Reached skill level 10 in Shields
 10020 | D:12     | Killed a two-headed ogre
 10172 | D:11     | Killed a two-headed ogre
 10348 | D:12     | Noticed Josephine
 10360 | D:11     | Killed Josephine
 10409 | D:12     | HP: 4/97 [Nessos/arrow (16)]
 10409 | D:12     | Shot with an arrow by Nessos

Illustrated notes

Levels and vault maps discovered:
D:1:      onia_arrival_mini_spirals, layout_basic
D:2:      layout_basic, basic_altar
D:3:      layout_basic, mainiacjoe_overflow_six_doors_small, chequers_jeans,
          nicolae_twisty_statue_hallways
D:4:      old_forge, layout_rooms, minmay_temple_entry_waves
D:5:      kennysheep_steamy, layout_cave_pools, lemuel_tele_altar, serial_shops,
          shop, uniq_grinder
D:6:      layout_cave_pods, grunt_dithmenos_shadows, serial_shops, shop, shop,
          shop, nicolae_shop_drivethru, corexii_leaking_fountain,
          dilly_guarded_unrand_morg, uniq_maggie
D:7:      layout_loops_cross, grunt_temple_overflow_gold_and_silver,
          mainiacjoe_overflow_small_starburst
D:8:      layout_layer_cave, david_lair_shrubbed, special_room
          [special_room_orc], serial_shops, nicolae_shop_tiny_waterfront,
          serial_library_hellmonk_semicircle
D:9:      corexii_shack_village, layout_basic
D:10:     layout_loops_ring, lemuel_flamethrower_2, uniq_sonja
D:11:     layout_irregular_city, david_orc_1_choice, enter_trove_1,
          serial_co_window_serial, co_window_of_opportunity_a,
          co_window_paths_a, co_window_paths_a, co_window_paths_a,
          co_window_cross_1, co_window_paths_c, co_window_corner_ca,
          co_window_cross_2, co_window_corner_ca, co_window_4corner_a,
          glass_columns_a, glass_columns_b, glass_columns_b, uniq_snorg,
          uniq_erolcha
D:12:     layout_cave_pools, uniq_maurice, uniq_josephine, uniq_nessos,
          uniq_lodul
Temple:   lightli_temple_of_artemis

Skill      XL: |  1  2  3  4  5  6  7  8  9 10 11 12 |
---------------+-------------------------------------+-----
Invocations    | 1 2 3 4 5 6 7 8 |  8.5
Short Blades   | 1 2 3 5 6 7 |  7.8
Long Blades    | 1 2 3 5 6 7 |  7.8
Axes           | 1 2 3 5 6 7 |  7.8
Polearms       | 1 2 3 5 6 7 |  7.8
Staves         | 1 2 3 5 6 7 |  7.8
Ranged Weapons | 1 2 3 5 6 7 |  7.8
Throwing       | 1 2 3 5 6 7 |  7.8
Dodging        | 1 2 3 5 6 7 |  7.8
Stealth        | 1 2 3 5 6 7 |  7.8
Unarmed Combat | 1 2 3 5 6 7 |  7.8
Spellcasting   | 1 2 3 5 6 7 |  7.8
Evocations     | 1 2 3 5 6 7 |  7.8
Shapeshifting  | 1 2 3 4 5 6 7 |  7.1
Conjurations   | 1 2 3 4 5 6 |  6.4
Hexes          | 1 2 3 4 5 6 |  6.4
Summonings     | 1 2 3 4 5 6 |  6.4
Necromancy     | 1 2 3 4 5 6 |  6.4
Translocations | 1 2 3 4 5 6 |  6.4
Fire Magic     | 1 2 3 4 5 6 |  6.4
Ice Magic      | 1 2 3 4 5 6 |  6.4
Air Magic      | 1 2 3 4 5 6 |  6.4
Earth Magic    | 1 2 3 4 5 6 |  6.4
Alchemy        | 1 2 3 4 5 6 |  6.4
Maces & Flails | 5 6 7 8 9 |  9.1
Fighting       | 7 8 9 10 | 10.2
Armour         | 7 8 9 10 | 10.2
Shields        | 7 8 9 10 | 10.2

Action                     |  1- 3 |  4- 6 |  7- 9 | 10-12 || total
---------------------------+-------+-------+-------+-------++-------
  Melee: Flail             |   116 |    56 |       |       ||   172
         Bite              |    13 |    19 |    14 |    31 ||    77
         Mace              |       |   116 |     7 |       ||   123
         Double sword      |       |       |   142 |   347 ||   489
         Unarmed           |       |       |       |     3 ||     3
         Punch             |       |       |       |     1 ||     1
Ability: Lunge             |       |       |    14 |    37 ||    51
         Whirlwind         |       |       |    37 |    62 ||    99
  Evoke: Wand              |       |       |     2 |     5 ||     7
    Use: Potion            |       |     1 |     1 |     1 ||     3
         Scroll            |       |       |    11 |     5 ||    16
 Armour: Scale mail        |    84 |    11 |       |       ||    95
         Chain mail        |       |   114 |   143 |   385 ||   642
         Skin              |       |       |       |     3 ||     3
  Dodge: Dodged            |    63 |    62 |    57 |   173 ||   355
  Block: Buckler           |    41 |    41 |    33 |    95 ||   210

Table legend: (Time is in decaauts)
 A = Elapsed time spent in this place.
 B = Non-inter-level travel time spent in this place.
 C = Inter-level travel time spent in this place.
 D = Time resting spent in this place.
 E = Time spent auto-exploring this place.
 F = Levels seen in this place.
 G = Mean time per level.
                   A        B        C        D        E       F      G
               +--------+--------+--------+--------+--------+-----+--------+
         Total |  10584 |  10026 |    558 |    406 |   7611 |  13 |  814.2 |
       Dungeon |  10549 |  10009 |    540 |    406 |   7611 |  12 |  879.1 |
        Temple |     34 |     16 |     18 |      0 |      0 |   1 |   34.0 |
               +--------+--------+--------+--------+--------+-----+--------+

Top non-repeatable levels by time:
    D:11: 1702 daAuts
     D:6: 1101 daAuts
     D:8: 1064 daAuts
     D:9: 1032 daAuts
    D:10: 886 daAuts
     D:3: 854 daAuts
     D:2: 852 daAuts
     D:1: 850 daAuts
     D:4: 838 daAuts
     D:7: 673 daAuts
     D:5: 648 daAuts
    D:12: 44 daAuts
  Temple: 34 daAuts
